 Dungeon Crawl Stone Soup version 0.31-a0-925-g0a390f2509 (webtiles) character file.

Game seed: 10303855127025445656

7100 Ekaitz the Geomancer (level 10, -1/58 HPs)
             Began as a Deep Elf Earth Elementalist on Oct 18, 2023.
             Was a Priest of Vehumet.
             Killed by vampiric draining
             ... invoked by a vampire
              (14 damage)
             ... on level 10 of the Dungeon.
             The game lasted 00:37:42 (10691 turns).

Ekaitz the Geomancer (Deep Elf Earth Elementalist) Turns: 10691, Time: 00:37:43

Health: -1/58      AC: 11    Str:  9    XL:     10   Next: 84%
Magic:  17/24      EV: 22    Int: 21    God:    Vehumet [***...]
Gold:   729        SH:  0    Dex: 21    Spells: 7/25 levels left

rFire   . . .        r - +2 dagger (venom)
rCold   . . .        (no shield)
rNeg    . . .        P - +0 steam dragon scales
rPois   +            (no helmet)
rElec   .            V - +1 cloak {rPois}
rCorr   .            u - +0 pair of gloves
SInv    .            M - +2 pair of boots {Stlth+}
Will    +....        q - amulet of regeneration
Stlth   +++++        C - +6 ring of dexterity
HPRegen 1.09/turn    E - +5 ring of evasion
MPRegen 0.19/turn

%: no passive effects
@: no status effects
A: no striking features
a: Renounce Religion


You were on level 10 of the Dungeon.
You worshipped Vehumet.
Vehumet was most pleased with you.
You visited 2 branches of the dungeon, and saw 11 of its levels.
You also visited: Bailey.

You collected 729 gold pieces.

Inventory:

Hand Weapons
 a - a +2 short sword of freezing
 f - a +0 dagger of protection
 m - a +3 trident
 r - a +2 dagger of venom (weapon)
 v - a +0 bardiche
 w - a +2 dagger of draining
 U - a +2 shortbow of freezing
Missiles
 e - 19 poisoned darts
 i - 3 silver javelins
 T - 3 curare-tipped darts
Armour
 u - a +0 pair of gloves (worn)
 M - a +2 pair of boots of stealth (worn)
 P - +0 steam dragon scales (worn)
 R - a +3 ring mail
 V - a +1 cloak of poison resistance (worn)
Magical Staves
 N - a staff of cold
Jewellery
 q - an amulet of regeneration (around neck)
 C - a +6 ring of dexterity (left hand)
 D - a ring of poison resistance
 E - a +5 ring of evasion (right hand)
 K - a ring of ice
Talismans
 Q - a flux talisman
Wands
 t - a wand of mindburst (13)
 G - a wand of flame (27)
 J - a wand of roots (14)
Scrolls
 c - 2 scrolls of enchant armour {unknown}
 d - 3 scrolls of poison {unknown}
 h - 2 scrolls of acquirement {unknown}
 j - 2 scrolls of blinking {unknown}
 l - 2 scrolls of fear {unknown}
 o - 2 scrolls of noise {unknown}
 s - a scroll of amnesia {unknown}
 x - 6 scrolls of enchant weapon {unknown}
 y - 5 scrolls of teleportation {unknown}
 I - a scroll of immolation
Potions
 g - 2 potions of brilliance {unknown}
 k - 5 potions of curing {unknown}
 n - a potion of attraction
 p - 4 potions of invisibility
 z - 2 potions of haste {unknown}
 A - 4 potions of heal wounds {unknown}
 B - a potion of resistance
 F - a potion of lignification
 H - 3 potions of mutation {unknown}
 L - 2 potions of might {unknown}
 S - a potion of cancellation {unknown}
Miscellaneous
 O - a phial of floods


   Skills:
 * Level 4.9 Fighting
 + Level 3.4 Short Blades
 * Level 7.6 Dodging
 + Level 7.3 Stealth
 + Level 8.0 Spellcasting
 * Level 6.0 Conjurations
 * Level 5.6 Hexes
 + Level 3.0 Transmutations
 * Level 2.4 Air Magic
 * Level 8.4 Earth Magic
 + Level 4.0 Evocations


You had 7 spell levels left.
You knew the following spells:

 Your Spells              Type           Power      Damage    Failure   Level
a - Sandblast             Erth           86%        2d18      1%          1
b - Passwall              Tmut/Erth      26%        N/A       1%          2
c - Stone Arrow           Conj/Erth      76%        3d11      1%          3
d - Brom's Barrelling Bo  Conj/Erth      38%        2d6       1%          4
e - Petrify               Tmut/Erth      32%        N/A       8%          4
f - Dazzling Flash        Conj/Hex       64%        N/A       1%          3
z - Shock                 Conj/Air       100%       1d9       1%          1

Your spell library contained the following spells:

 Spells                   Type           Power      Damage    Failure   Level
 Ignite Poison            Fire/Tmut/Pois 12%        N/A       4%          3
 Tukima's Dance           Hex            32%        N/A       2%          3
 Iskenderun's Mystic Bla  Conj/Tloc      21%        2d6       6%          4
 Dimensional Bullseye     Hex/Tloc       10%        N/A       26%         4
 Silence                  Hex/Air        12%        N/A       38%         5
 Agony                    Necr           8%         N/A       91%         5


Dungeon Overview and Level Annotations

Branches:
Dungeon (10/15)            Temple (1/1) D:4             Orc (0/2) D:9
 Bailey (visited)
   Lair: D:8-11

Altars:
Ashenzari
Cheibriados
Dithmenos
Elyvilon
Fedhas
Gozag
Hepliaklqana
Kikubaaqudgha
Makhleb
Nemelex Xobeh
Okawaru
Qazlal
Sif Muna
Trog
Uskayaw
Vehumet
Wu Jian
Xom
Yredelemnul
Zin
The Shining One


Message History

Casting: Stone Arrow (safe; 1% risk of failure)
Confirm with . or Enter, or press ? or * to list all spells.
Aiming: Stone Arrow (safe; 1% risk of failure)
Press: ? - help, Shift-Dir - straight line Something hits you.
Something closely misses you.
Unknown command.
Magic courses through your body. Something closely misses you.
Something bites you.
Something draws strength from your injuries!
Casting: Stone Arrow (safe; 1% risk of failure)
Confirm with . or Enter, or press ? or * to list all spells.
Aiming: Shock (safe; 1% risk of failure)
Press: ? - help, Shift-Dir - straight line The zap hits something.
Something hits you.
* * * LOW HITPOINT WARNING * * *
Something misses you.
Casting: Shock (safe; 1% risk of failure)
Confirm with . or Enter, or press ? or * to list all spells.
Aiming: Shock (safe; 1% risk of failure)
Press: ? - help, Shift-Dir - straight line The zap hits something but does no damage.
Something hits you but does no damage. Something closely misses you.
Casting: Shock (safe; 1% risk of failure)
Confirm with . or Enter, or press ? or * to list all spells.
Aiming: Shock (safe; 1% risk of failure)
Press: ? - help, Shift-Dir - straight line The zap hits something.
Something hits you. Something closely misses you.
Casting: Shock (safe; 1% risk of failure)
Confirm with . or Enter, or press ? or * to list all spells.
Aiming: Shock (safe; 1% risk of failure)
Press: ? - help, Shift-Dir - straight line The zap hits something.
Something hits you!
* * * LOW HITPOINT WARNING * * *
Something closely misses you.
Casting: Shock (safe; 1% risk of failure)
Confirm with . or Enter, or press ? or * to list all spells.
Aiming: Shock (safe; 1% risk of failure)
Press: ? - help, Shift-Dir - straight line The zap hits something!
Something draws life force from you!
You die...

................................
........................<.......
................................
................................
................................
.........................).......
.........................(.......
.........................).......
....#########..{@................
.................................
...............................))
..........#########..............
..........# #..######..####
..........# #..# #..# ..........#
#..# #..# ............ .... ....
<............ .... ......


There were no monsters in sight!

Vanquished Creatures
  A two-headed ogre (D:9)
  An orc knight (Bailey)
  A deep elf pyromancer (Bailey)
  A hornet (D:5)
  Grinder (D:3)
  Eustachio (D:4)
  5 yaks (D:9)
  A steam dragon (D:8)
  Edmund (D:4)
  A water moccasin (D:6)
  8 orc warriors
  2 ice beasts
  4 ogres
  2 centaurs
  5 kobold brigands
  4 scorpions
  5 bullfrogs
  9 killer bees
  3 howler monkeys
  A gnoll bouda (D:8)
  A jelly (D:5)
  10 orc priests
  4 hounds
  An iguana (D:4)
  A sleepcap (D:7)
  13 orc wizards
  13 adders
  9 gnolls
  2 white imps
  2 ufetubi (D:6)
  2 worms (D:4)
  2 dart slugs (D:2)
  58 orcs
  7 ball pythons
  5 endoplasms
  11 goblins
  6 hobgoblins
  4 jackals (D:5)
  34 kobolds
  5 quokkas
  5 bats
  A frilled lizard (D:1)
  13 rats
266 creatures vanquished.

Vanquished Creatures (collateral kills)
  7 boulders
7 creatures vanquished.

Vanquished Creatures (others)
  An orc wizard (D:6)
  A kobold (D:9)
  4 boulders
6 creatures vanquished.

Grand Total: 279 creatures vanquished

Notes
Turn   | Place    | Note
-------+----------+-------------------------------------------
     0 | D:1      | Ekaitz the Deep Elf Earth Elementalist began the quest for
                  | the Orb.
     0 | D:1      | Reached XP level 1. HP: 10/10 MP: 6/6
   166 | D:1      | Reached XP level 2. HP: 15/15 MP: 5/8
   171 | D:1      | Learned a level 2 spell: Passwall
   971 | D:2      | Reached XP level 3. HP: 20/20 MP: 6/9
   978 | D:2      | Reached skill level 1 in Fighting
  1058 | D:2      | Learned a level 3 spell: Stone Arrow
  1643 | D:2      | Reached XP level 4. HP: 25/25 MP: 8/11
  1648 | D:2      | Learned a level 4 spell: Brom's Barrelling Boulder
  2397 | D:3      | Reached skill level 1 in Evocations
  2539 | D:3      | Reached XP level 5. HP: 29/29 MP: 2/12
  2889 | D:3      | Noticed Grinder
  2994 | D:3      | Paralysed by Grinder for 5 turns
  3002 | D:3      | Paralysed by Grinder for 3 turns
  3019 | D:3      | Paralysed by Grinder for 4 turns
  3024 | D:3      | Killed Grinder
  3025 | D:3      | Reached skill level 1 in Short Blades
  3025 | D:3      | Reached skill level 1 in Conjurations
  3025 | D:3      | Reached XP level 6. HP: 25/35 MP: 0/14
  3681 | D:4      | Found a white marble altar of Elyvilon.
  3734 | D:4      | Reached skill level 5 in Earth Magic
  3808 | D:4      | Reached XP level 7. HP: 18/39 MP: 5/15
  3813 | D:4      | Learned a level 4 spell: Petrify
  3896 | D:4      | Noticed Eustachio
  3945 | D:4      | Killed Eustachio
  4135 | D:4      | Noticed Edmund
  4153 | D:4      | Killed Edmund
  4481 | D:4      | Reached skill level 5 in Spellcasting
  4652 | D:4      | Found a staircase to the Ecumenical Temple.
  4663 | Temple   | Entered the Ecumenical Temple
  4714 | Temple   | Became a worshipper of Vehumet
  4771 | D:4      | Reached XP level 8. HP: 44/44 MP: 14/17
  5214 | D:5      | Entered Level 5 of the Dungeon
  5230 | D:5      | Noticed a hornet
  5345 | D:5      | Killed a hornet
  5346 | D:5      | Reached skill level 5 in Dodging
  5346 | D:5      | Reached skill level 5 in Stealth
  5613 | D:5      | Learned a level 3 spell: Dazzling Flash
  5882 | D:5      | Reached skill level 1 in Hexes
  6231 | D:6      | Found an opulent altar of Gozag.
  6233 | D:6      | Found a bloodstained altar of Trog.
  6235 | D:6      | Found an ornate altar of the Wu Jian Council.
  6237 | D:6      | Found a hazy altar of Hepliaklqana.
  6237 | D:6      | Found a hide-covered altar of Uskayaw.
  6237 | D:6      | Found a snail-covered altar of Cheibriados.
  6238 | D:6      | Found a shadowy altar of Dithmenos.
  6247 | D:6      | Reached * piety under Vehumet
  6247 | D:6      | Offered knowledge of Magic Dart by Vehumet.
  6319 | D:6      | Reached XP level 9. HP: 42/51 MP: 3/20
  7000 | D:7      | Found a flagged portal.
  7152 | Bailey   | Entered a bailey
  7383 | Bailey   | Noticed an orc knight
  7397 | Bailey   | Killed an orc knight
  7568 | Bailey   | Found a large runed translucent door.
  7568 | Bailey   | Found a large runed translucent door.
  7569 | Bailey   | Noticed a deep elf pyromancer
  7593 | Bailey   | Killed a deep elf pyromancer
  7594 | Bailey   | Reached skill level 5 in Conjurations
  7781 | D:7      | Reached ** piety under Vehumet
  8264 | D:7      | Offered knowledge of Shock by Vehumet.
  8300 | D:7      | Reached XP level 10. HP: 57/57 MP: 23/23
  8868 | D:8      | Learned a level 1 spell: Shock
  8983 | D:8      | Offered knowledge of Inner Flame by Vehumet.
  9342 | D:8      | Reached *** piety under Vehumet
  9589 | D:9      | Reached skill level 1 in Air Magic
  9776 | D:9      | Offered knowledge of Ignite Poison by Vehumet.
  9945 | D:9      | Noticed a two-headed ogre
  9954 | D:9      | Killed a two-headed ogre
  9955 | D:9      | Reached skill level 5 in Hexes
 10170 | D:9      | Found a shimmering blue altar of Sif Muna.
 10338 | D:9      | Found a staircase to the Orcish Mines.
 10401 | D:10     | Identified the of Qipnuqiuh
 10401 | D:10     | Entered Level 10 of the Dungeon
 10691 | D:10     | Killed from afar by a vampire

Illustrated notes

Levels and vault maps discovered:
D:1:      dreamdust_arrival_sigmund_warning, layout_loops_ring
D:2:      layout_basic
D:3:      layout_basic, roderic_lattice_a, serial_bayou_pond_d,
          kennysheep_boxes, uniq_grinder
D:4:      layout_loops_ring, elyvilon_altar_1, minmay_temple_entry_antechambers,
          dk_noncrumbling_4, nrook_campfire, uniq_edmund, uniq_eustachio
D:5:      layout_cave_pools
D:6:      layout_basic, grunt_temple_overflow_open
D:7:      layout_loops_corners, enter_bailey_3
D:8:      layout_loops_ring
D:9:      layout_gridville, mainiacjoe_overflow_catwalk, orc_0_dummy
D:10:     layout_long_grid, mainiacjoe_overflow_alcove_1
Temple:   minmay_temple_forest_path

Skill      XL: |  1  2  3  4  5  6  7  8  9 10 |
---------------+-------------------------------+-----
Fighting       | 1 2 3 4 |  4.9
Earth Magic    | 4 5 6 7 8 |  8.4
Dodging        | 3 4 5 6 7 |  7.6
Stealth        | 3 4 5 6 7 |  7.3
Evocations     | 1 2 3 4 |  4.0
Short Blades   | 1 2 3 |  3.4
Spellcasting   | 4 5 6 7 8 |  8.0
Conjurations   | 1 2 3 5 6 |  6.0
Transmutations | 2 3 |  3.0
Hexes          | 1 4 5 |  5.6
Air Magic      | 2 |  2.4

Action                     |  1- 3 |  4- 6 |  7- 9 | 10-12 || total
---------------------------+-------+-------+-------+-------++-------
  Melee: Dagger            |    15 |    42 |   120 |   109 ||   286
         Short sword       |    20 |    31 |    72 |    45 ||   168
         Punch             |       |     1 |     3 |     3 ||     7
   Cast: Sandblast         |    38 |     8 |     4 |     1 ||    51
         Passwall          |     9 |     8 |    10 |     4 ||    31
         Stone Arrow       |     5 |    24 |    78 |    26 ||   133
         Brom's Barrelling |       |       |    13 |    15 ||    28
         Petrify           |       |       |     6 |     5 ||    11
         Dazzling Flash    |       |       |     3 |     3 ||     6
         Shock             |       |       |       |    60 ||    60
  Evoke: Wand              |       |     1 |     4 |       ||     5
    Use: Scroll            |       |       |     4 |     2 ||     6
         Potion            |       |       |       |     1 ||     1
   Stab: Sleeping          |     8 |    11 |    14 |    11 ||    44
         Distracted        |       |     1 |       |       ||     1
         Petrified         |       |       |    10 |     5 ||    15
         Invisible         |       |       |     2 |     2 ||     4
         Petrifying        |       |       |       |     2 ||     2
 Armour: Robe              |    28 |    29 |   124 |     3 ||   184
         Steam dragon scal |       |       |       |    62 ||    62
  Dodge: Dodged            |    29 |    36 |   206 |   223 ||   494

Table legend: (Time is in decaauts)
 A = Elapsed time spent in this place.
 B = Non-inter-level travel time spent in this place.
 C = Inter-level travel time spent in this place.
 D = Time resting spent in this place.
 E = Time spent auto-exploring this place.
 F = Levels seen in this place.
 G = Mean time per level.
                   A        B        C        D        E       F      G
               +--------+--------+--------+--------+--------+-----+--------+
         Total |  10667 |  10275 |    392 |    775 |   6773 |  12 |  888.9 |
       Dungeon |  10034 |   9711 |    323 |    579 |   6661 |  10 | 1003.4 |
        Temple |     86 |     17 |     69 |      0 |     16 |   1 |   86.0 |
        Bailey |    546 |    546 |      0 |    196 |     96 |   1 |  546.0 |
               +--------+--------+--------+--------+--------+-----+--------+

Top non-repeatable levels by time:
     D:3: 1571 daAuts
     D:4: 1541 daAuts
     D:7: 1133 daAuts
     D:2: 1107 daAuts
     D:1: 974 daAuts
     D:8: 900 daAuts
     D:5: 890 daAuts
     D:9: 823 daAuts
     D:6: 803 daAuts
  Bailey: 546 daAuts
    D:10: 287 daAuts
  Temple: 86 daAuts
